 Dungeon Crawl Stone Soup version 0.23-a0-422-g30b1108 (webtiles) character file.

995 Inarius the Chopper (level 8, -3/67 HPs)
             Began as a Ghoul Fighter on Nov 14, 2018.
             Killed from afar by Sigmund (10 damage)
             ... with a magic dart
             ... on level 5 of the Dungeon.
             The game lasted 00:07:34 (3894 turns).

Inarius the Chopper (Ghoul Fighter)                 Turns: 3894, Time: 00:07:35

Health: -3/67      AC: 10    Str: 29    XL:     8   Next: 19%
Magic:  7/7        EV:  6    Int:  5    God:
Gold:   279        SH:  0    Dex:  8    Spells: 7/7 levels left

rFire    . . .     SeeInvis .   a - +0 war axe
rCold    + . .     Gourm    .   c - +0 shield
rNeg     + + +     Faith    .   l - +0 chain mail
rPois    ∞         Spirit   .   e - +0 helmet
rElec    .         Reflect  .   (no cloak)
rCorr    .         Harm     .   (no gloves)
MR       .....                  (no boots)
Stlth    ..........             (no amulet)
HPRegen  0.00/turn              b - +4 ring of strength
MPRegen  0.10/turn              (no ring)

@: confused, mighty, rotting
A: rotting body, claws 1, carnivore, cold resistance 1, negative energy
resistance 3, inhibited regeneration, torment resistance, unbreathing
a: no special abilities


You were on level 5 of the Dungeon.
You were not hungry.

You visited 1 branch of the dungeon, and saw 5 of its levels.
You also visited: Sewer.

You collected 279 gold pieces.

Inventory:

Hand Weapons
 a - a +0 war axe (weapon)
 q - a +1 short sword of freezing
Missiles
 r - 6 tomahawks (quivered)
Armour
 c - a +0 shield (worn)
 e - a +0 helmet (worn)
 l - a +0 chain mail (worn)
Jewellery
 b - a +4 ring of strength (left claw)
 v - a +6 ring of evasion {unknown}
Scrolls
 j - 5 scrolls of identify {unknown}
 k - 7 scrolls of teleportation {unknown}
 m - 10 scrolls of remove curse {unknown}
 n - 2 scrolls of immolation {unknown}
 p - 2 scrolls of blinking {unknown}
 t - 3 scrolls of amnesia {unknown}
 u - 2 scrolls of fog {unknown}
 w - a scroll of magic mapping {unknown}
 x - 2 scrolls of fear {unknown}
Potions
 h - a potion of berserk rage {unknown}
 i - 4 potions of lignification
 o - 2 potions of ambrosia {unknown}
 s - 2 potions of brilliance {unknown}
 z - a potion of curing {unknown}
 A - 3 potions of flight {unknown}
 B - a potion of heal wounds {unknown}
Comestibles
 f - 4 rations
 g - 3 chunks of flesh


   Skills:
 + Level 4.6 Fighting
 * Level 6.6 Axes
 + Level 4.1 Armour
 + Level 4.3 Shields


You had 7 spell levels left.
You didn't know any spells.
Your spell library was empty.

Dungeon Overview and Level Annotations

Branches:
Dungeon (5/15)
 Temple: D:4-7

Altars:
Dithmenos
Hepliaklqana
Trog
Xom

Shops:
D:5 [

Annotations:
D:5 3 runed doors, Sigmund; bli's ghost, novice MfSk; feelmyfire's ghost, novice NaNe; lurker's ghost, novice DrFi


Innate Abilities, Weirdness & Mutations

Your body is rotting away.
You thrive on raw meat.
You are immune to poison.
You have sharp fingernails.
You are carnivorous and can eat meat at any time.
Your flesh is cold resistant. (rC+)
You are immune to negative energy. (rN+++)
You do not regenerate when monsters are visible.
You are immune to unholy pain and torment.
You can survive without breathing.


Message History

Your shield and chain mail prevent you from hitting something.
You hear some strange, mumbled words.
A magic dart appears from out of thin air!
The magic dart hits you!
You miss something. Something hits you!
* * * LOW HITPOINT WARNING * * *
You hit something but do no damage. Something hits you.
* * * LOW HITPOINT WARNING * * *
You closely miss something.
You hear some strange, mumbled words.
You are confused.
You feel very mighty all of a sudden. Something hits you!
* * * LOW HITPOINT WARNING * * *
You're too confused to move!
It was a potion of lignification.
You feel woody for a moment.
You hear some strange, mumbled words.
A magic dart appears from out of thin air!
The magic dart hits you!
You die...

#.......###.+.....$
######..###.#.....?
#...##.#W...8#
##.#....#P⌠P$##
#..####.######
######∩### ....
#........# ....#
#..>.....#.....#
#.....@).#.....#
#.....{........#
#........##....#
#........# ##
#........#
#........#
#........#
#........#


There were no monsters in sight!

Vanquished Creatures
  Menkaure (D:5)
  A sky beast (D:4)
  An ogre (D:4)
  A big kobold (Sewer)
  5 wights (D:2)
  3 orc wizards
  2 orc priests (D:3)
  2 hounds (D:4)
  A hound skeleton (D:4)
  3 gnolls (D:4)
  5 adders
  A river rat (Sewer)
  An ooze (D:1)
  A worm (D:4)
  5 leopard geckos
  10 orcs
  9 bats
  7 giant cockroaches
  14 goblins
  7 hobgoblins
  5 jackals
  13 kobolds
  7 quokkas
  A ball python (D:5)
  9 frilled lizards
  7 rats
122 creatures vanquished.

Vanquished Creatures (others)
  A withered plant (D:5)
1 creature vanquished.

Grand Total: 123 creatures vanquished

Notes
Turn   | Place    | Note
-------+----------+-------------------------------------------
     0 | D:1      | Inarius the Ghoul Fighter began the quest for the Orb.
     0 | D:1      | Reached XP level 1. HP: 19/19 MP: 0/0
    68 | D:1      | Reached XP level 2. HP: 24/26 MP: 1/1
   314 | D:1      | Reached skill level 2 in Axes
   736 | D:2      | Reached XP level 3. HP: 31/31 MP: 2/2
   992 | D:2      | Reached XP level 4. HP: 35/39 MP: 3/3
  1269 | D:2      | Reached skill level 3 in Axes
  1378 | D:3      | Found a bloodstained altar of Trog.
  1385 | D:2      | Reached XP level 5. HP: 33/46 MP: 4/4
  1403 | D:2      | Reached skill level 4 in Axes
  1409 | D:2      | Reached XP level 6. HP: 29/52 MP: 5/5
  1925 | D:3      | Found a shadowy altar of Dithmenos.
  2048 | D:3      | Reached skill level 5 in Axes
  2591 | D:4      | Found a shimmering altar of Xom.
  2592 | D:4      | Found a hazy altar of Hepliaklqana.
  2592 | D:4      | Noticed a death ooze
  2593 | D:4      | Noticed a spectral ugly thing
  2593 | D:4      | Noticed a death ooze
  2705 | D:4      | Reached XP level 7. HP: 47/57 MP: 6/6
  3368 | D:5      | Entered Level 5 of the Dungeon
  3413 | D:5      | Found a glowing drain.
  3430 | Sewer    | Entered a sewer
  3435 | Sewer    | Reached skill level 6 in Axes
  3510 | Sewer    | Reached XP level 8. HP: 63/67 MP: 7/7
  3550 | Sewer    | Found a white marble altar of Elyvilon.
  3679 | D:5      | Noticed Menkaure
  3686 | D:5      | Killed Menkaure
  3837 | D:5      | Found a runed gate.
  3838 | D:5      | Found a runed gate.
  3839 | D:5      | Found a runed gate.
  3840 | D:5      | Noticed feelmyfire's ghost (novice NaNe)
  3841 | D:5      | Noticed lurker's ghost (novice DrFi)
  3841 | D:5      | Noticed bli's ghost (novice MfSk)
  3845 | D:5      | Found Loupt's Armour Boutique.
  3868 | D:5      | Noticed Sigmund
  3894 | D:5      | Killed from afar by Sigmund

Vault maps used:
D:1:      minmay_arrival_plants_in_alcoves, chequers_serial_rivers_micro_c,
          minmay_pentomino_t4
D:3:      overflow_temple_1_default, kennysheep_flooded_box,
          trog_three_pillars_becter
D:4:      regret_index_temple_of_mockery, first_ration
D:5:      portal_sewer_entry_f, gammafunk_ghost_cemetery, serial_shops, shop,
          uniq_sigmund, uniq_menkaure, uniq_grinder
Sewer:    sewer_kobolds

Skill      XL: |  1  2  3  4  5  6  7 |
---------------+----------------------+-----
Shields        | 3 4 |  4.3
Axes           | 2 3 4 5 6 |  6.6
Armour         | 3 4 |  4.1
Fighting       | 4 |  4.6

Action                   |  1- 3 |  4- 6 |  7- 9 || total
-------------------------+-------+-------+-------++-------
Melee: War axe           |   105 |   184 |   177 ||   466
  Use: Potion            |       |     1 |     2 ||     3
  Eat: Chunk             |    14 |    28 |    17 ||    59
Armor: Scale mail        |    18 |       |       ||    18
       Chain mail        |    30 |   118 |    87 ||   235
Dodge: Dodged            |    34 |    54 |    34 ||   122
Block: Shield            |    53 |   131 |    87 ||   271

Table legend:
 A = Non-vault XP
 B = Vault XP
 C = Vault XP percentage of total XP
 D = Non-vault monster count
 E = Vault monster count
 F = Vault count percentage of total count
                 A         B        C        D         E       F
            +---------+---------+-------+---------+---------+-------
      Total |    1117 |     305 |  21.4 |     101 |      21 |  17.2
            +---------+---------+-------+---------+---------+-------
        D:1 |      27 |       2 |   6.9 |      12 |       2 |  14.3
        D:2 |     372 |       0 |   0.0 |      37 |       0 |   0.0
        D:3 |     195 |       0 |   0.0 |      29 |       0 |   0.0
        D:4 |     424 |       0 |   0.0 |      14 |       0 |   0.0
        D:5 |      99 |     178 |  64.3 |       9 |       6 |  40.0
      Sewer |       0 |     125 | 100.0 |       0 |      13 | 100.0
            +---------+---------+-------+---------+---------+-------
